 Dungeon Crawl Stone Soup version 0.31-a0-7-g51783674b7 (webtiles) character file.

Game seed: 6016654775847511834

119 jlumianski the Trooper (level 4, -1/35 HPs)
             Began as a Demonspawn Fighter on May 5, 2023.
             Frozen to death by an endoplasm (3 damage)
             ... on level 2 of the Dungeon.
             The game lasted 00:06:59 (1623 turns).

jlumianski the Trooper (Demonspawn Fighter)         Turns: 1623, Time: 00:06:59

Health: -1/35      AC: 11    Str: 18    XL:     4   Next: 73%
Magic:  4/4        EV: 12    Int: 10    God:
Gold:   134        SH:  4    Dex: 12    Spells: 3/3 levels left

rFire   . . .        a - +0 war axe
rCold   . . .        c - +0 buckler
rNeg    . . .        i - +0 chain mail
rPois   .            m - +0 helmet
rElec   .            q - scarf {shadows}
rCorr   .            (no gloves)
SInv    .            o - +0 pair of boots
Will    +....        (no amulet) Stlth
                     k - ring of willpower
HPRegen 0.25/turn    (no ring)
MPRegen 0.09/turn

%: no passive effects
@: agile
A: foul stench 1, powered by pain 1
a: no special abilities


You were on level 2 of the Dungeon.
You visited 1 branch of the dungeon, and saw 4 of its levels.

You collected 134 gold pieces.

Inventory:

Hand Weapons
 a - a +0 war axe (weapon)
Missiles
 j - 24 stones (quivered)
 r - 4 poisoned darts
Armour
 b - a +0 scale mail
 c - a +0 buckler (worn)
 e - a +0 cloak
 i - a +0 chain mail (worn)
 m - a +0 helmet (worn)
 o - a +0 pair of boots (worn)
 q - a scarf of shadows (worn)
Jewellery
 k - a ring of willpower (left hand)
Scrolls
 d - a scroll of poison
 l - a scroll of enchant armour {unknown}
 n - a scroll of vulnerability {unknown}
 s - a scroll of teleportation
Potions
 f - a potion of haste
 g - a potion of mutation
 p - a potion of degeneration {unknown}


   Skills:
 + Level 3.5 Fighting
 + Level 3.3 Axes
 + Level 3.1 Armour
 + Level 1.0 Dodging
 + Level 3.1 Shields


You had 3 spell levels left.
You didn't know any spells.
Your spell library was empty.

Dungeon Overview and Level Annotations

Branches:
Dungeon (4/15)
 Temple: D:4-7

Altars:


Innate Abilities, Weirdness & Mutations

You may rarely emit foul miasma when damaged in melee.
You sometimes gain a little power by taking damage.


Message History

Beogh smites you!
You are too injured to fight recklessly!
An endoplasm comes into view.
The endoplasm quivers.
A goblin comes into view. It is wielding a +0 dagger.
The goblin shouts!
The orc priest hits you with a +0 dagger.
* * * LOW HITPOINT WARNING * * *
There is a stone staircase leading up here.
You hit the orc priest but do no damage.
The orc priest mumbles some strange prayers to Beogh against you.
You resist with some effort.
The goblin unwields a +0 dagger.
The goblin wields a +0 sling.
The goblin shoots a sling bullet.
The sling bullet hits you but does no damage.
An orc comes into view. It is wielding a +0 club.
The orc priest hits you with a +0 dagger.
* * * LOW HITPOINT WARNING * * *
You emit a cloud of foul miasma!
The endoplasm freezes you.
You are frozen.
* * * LOW HITPOINT WARNING * * *
The orc throws a stone.
You block the stone.
You climb upwards.
There is a stone staircase leading down here.
You feel better.
The orc priest hits you with a +0 dagger.
* * * LOW HITPOINT WARNING * * *
You emit a cloud of foul miasma!
The endoplasm hits you but does no damage.
You feel better.
The orc priest is engulfed in dark miasma.
The orc priest is poisoned.
The orc priest invokes the aid of Beogh against you.
Beogh smites you!
* * * LOW HITPOINT WARNING * * *
You focus on the pain.
You feel agile all of a sudden. The endoplasm freezes you.
You are frozen.
You die...

#.# ####.............# #
#.# ##.#..........# #
#.#### ##.#.........## #
#....# #..#.....<...# #
####.###.##.........# #
#...#.##.........# #
###...###........# #
##.####.........# # #..#
##...J@....# # ######.รท#
#.....)o...# #
...#...)###..........#####
#
##.......................#
#
.......#.#....)......###.##
# .......#....##.......#
#..# ...........########..#
##.#### .......#..## #..#
#....## .......#..# ###..#
####..###


You could see an orc priest (poisoned) and an endoplasm.

Vanquished Creatures
  Jessica (D:2)
  Robin (D:2)
  An adder (D:2)
  A worm (D:1)
  2 dart slugs
  5 orcs
  4 ball pythons
  3 bats
  3 endoplasms
  A giant cockroach (D:1)
  7 hobgoblins
  5 kobolds
  4 quokkas
  3 frilled lizards (D:2)
  11 goblins
  3 rats
55 creatures vanquished.

Notes
Turn   | Place    | Note
-------+----------+-------------------------------------------
     0 | D:1      | jlumianski the Demonspawn Fighter began the quest for the
                  | Orb.
     0 | D:1      | Reached XP level 1. HP: 18/18 MP: 1/1
   166 | D:2      | Noticed Robin
   196 | D:1      | Gained mutation: You may rarely emit foul miasma when
                  | damaged in melee. [demonic ancestry]
   196 | D:1      | Reached XP level 2. HP: 16/24 MP: 2/2
   693 | D:2      | Reached XP level 3. HP: 28/29 MP: 3/3
   752 | D:2      | Killed Robin
   913 | D:2      | Noticed Jessica
   925 | D:2      | Killed Jessica
   926 | D:2      | Gained mutation: You sometimes gain a little power by
                  | taking damage. [demonic ancestry]
   926 | D:2      | Reached XP level 4. HP: 7/35 MP: 4/4
  1130 | D:3      | Found a faded altar of an unknown god.
  1473 | D:2      | Reached skill level 1 in Dodging
  1623 | D:2      | Frozen to death by an endoplasm

Illustrated notes

Levels and vault maps discovered:
D:1:      dpeg_arrival_refuge, layout_basic
D:2:      layout_rooms, wander_ebering_terrifying_dragon_lair, uniq_jessica,
          uniq_robin
D:3:      layout_basic, hellmonk_ecumenical_altar_pennies_from_heaven
D:4:      layout_basic, marbit_many_paths, hangedman_decor_points,
          hangedman_decor_clover_reticule, minivault_1, uniq_grinder

Skill      XL: |  1  2  3  4 |
---------------+-------------+-----
Axes           | 2 3 |  3.3
Armour         | 3 |  3.1
Shields        | 3 |  3.1
Dodging        | 1 |  1.0
Fighting       | |  3.5

Action                     |  1- 3 |  4- 6 || total
---------------------------+-------+-------++-------
  Melee: War axe           |   120 |    51 ||   171
  Throw: Stone             |       |     1 ||     1
    Use: Potion            |     1 |     4 ||     5
         Scroll            |       |     4 ||     4
 Armour: Scale mail        |    19 |       ||    19
         Chain mail        |    66 |    24 ||    90
  Dodge: Dodged            |    56 |    16 ||    72
  Block: Buckler           |    32 |    13 ||    45

Table legend: (Time is in decaauts)
 A = Elapsed time spent in this place.
 B = Non-inter-level travel time spent in this place.
 C = Inter-level travel time spent in this place.
 D = Time resting spent in this place.
 E = Time spent auto-exploring this place.
 F = Levels seen in this place.
 G = Mean time per level.
                   A        B        C        D        E       F      G
               +--------+--------+--------+--------+--------+-----+--------+
         Total |   1701 |   1614 |     87 |     55 |    757 |   4 |  425.2 |
       Dungeon |   1701 |   1614 |     87 |     55 |    757 |   4 |  425.2 |
               +--------+--------+--------+--------+--------+-----+--------+

Top non-repeatable levels by time:
     D:2: 785 daAuts
     D:1: 649 daAuts
     D:3: 262 daAuts
     D:4: 3 daAuts
